Map: Ruins of Seras

Players

MasterMind

  • Race: Zerg Zerg
  • League: Master

Miszu - Winner!

  • Race: Terran Terran
  • League: Master

VOD

Have the link to the VOD?

Description

Time

  • Played on: April 18, 2016, 1:30 p.m.
  • Length: 11:40
Show
View Real Time Build Order
Export as new Build Order

MasterMind Zerg 

Build Orders: Hatch First 

Get SALT Encoding   

  12  0:01  Drone  
  13  0:08  Drone  
  14  0:17  Overlord  
  14  0:21  Extractor  
  14  0:24  Drone  
  15  0:36  Drone x2  
  17  0:52  Hatchery  
  17  0:56  Drone  
  17  1:13  Drone, Spawning Pool  
  17  1:18  Extractor  
  16  1:19  Drone  
  16  1:24  Drone  
  18  1:35  Drone  
  19  1:59  Queen  
  19  2:00  Zergling x2  
  22  2:04  Queen  
  22  2:05  Drone x2  
  26  2:09  Overlord  
  26  2:17  Metabolic Boost  
  26  2:19  Drone x2  
  28  2:35  Queen, Drone x2  
  32  2:41  Drone x2  
  34  2:44  Drone  
  34  2:47  Drone  
  36  2:56  Overlord  
  36  3:12  Lair  
  36  3:15  Drone x2  
  36  3:19  Roach Warren, Drone  
  38  3:20  Drone x3  
  38  3:22  Drone  
  42  3:29  Overlord  
  42  3:31  Drone  
  43  3:45  Hatchery  
  43  3:46  Drone x2  
  44  3:50  Overlord  
  44  3:53  Extractor, Drone  
  44  3:54  Overlord  
  44  4:02  Drone x2  
  46  4:04  Roach x2  
  50  4:10  Drone  
  50  4:12  Extractor  
  50  4:15  Spore Crawler  
  50  4:16  Glial Reconstitution  
  49  4:18  Drone x3  
  49  4:20  Drone  
  49  4:22  Evolution Chamber  
  52  4:26  Drone x2  
  52  4:27  Roach  
  52  4:29  Roach  
  58  4:32  Drone  
  58  4:33  Extractor  
  58  4:38  Drone  
  59  4:40  Overlord  
  59  4:49  Zerg Missile Weapons Level 1  
  59  4:52  Overlord  
  59  4:56  Overlord  
  59  4:57  Queen  
  59  4:58  Evolution Chamber  
  60  5:10  Roach x5  
  60  5:12  Roach  
  72  5:20  Roach x2  
  74  5:28  Ravager x3  
  77  5:29  Drone x2  
  77  5:30  Drone  
  77  5:32  Drone  
  77  5:35  Drone  
  82  5:45  Drone x3  
  82  5:47  Spore Crawler  
  82  5:49  Zerg Ground Armor Level 1  
  84  5:51  Drone x3  
  83  5:59  Drone x2  
  83  6:01  Drone x2  
  86  6:09  Drone  
  86  6:10  Drone x2  
  89  6:15  Overlord  
  89  6:19  Drone  
  89  6:22  Overlord  
  90  6:25  Spire  
  90  6:26  Drone  
  90  6:31  Spine Crawler  
  89  6:32  Queen  
  89  6:33  Spine Crawler  
  89  6:37  Drone  
  89  6:38  Drone  
  89  6:39  Overlord  
  92  6:40  Ravager, Spore Crawler  
  92  6:41  Ravager x2  
  92  6:42  Drone  
  92  6:45  Overlord  
  95  6:51  Overlord  
  95  6:53  Roach x2  
  99  6:58  Roach  
  99  6:59  Drone x4  
  105  7:04  Drone x2  
  105  7:05  Drone x3  
  110  7:09  Zerg Missile Weapons Level 2  
  110  7:12  Drone x2  
  110  7:13  Drone  
  110  7:15  Drone  
  114  7:17  Extractor  
  114  7:19  Extractor, Roach  
  114  7:26  Infestation Pit  
  114  7:27  Spine Crawler  
  114  7:28  Roach x3  
  118  7:36  Roach x3  
  118  7:37  Roach  
  125  7:40  Overlord  
  125  7:43  Overlord  
  125  7:44  Drone x3  
  126  7:59  Overlord  
  126  8:03  Overlord  
  125  8:08  Drone x2  
  125  8:09  Corruptor x2  
  125  8:10  Corruptor  
  125  8:12  Corruptor  
  135  8:20  Hatchery  
  135  8:24  Hive  
  135  8:26  Zerg Ground Armor Level 2, Drone x2  
  136  8:28  Roach  
  136  8:29  Roach  
  140  8:41  Overlord  
  140  8:45  Corruptor x3  
  140  8:48  Roach x4  
  152  8:49  Ravager x2  
  152  8:50  Overlord  
  152  8:52  Drone  
  152  8:53  Drone  
  158  8:58  Overlord  
  158  9:09  Roach x2  
  166  9:17  Roach x2  
  156  9:28  Roach x4  
  156  9:29  Roach x3  
  156  9:30  Roach x2  
  172  9:31  Roach  
  172  9:32  Roach  
  172  9:35  Drone  
  177  9:43  Ultralisk Cavern  
  177  9:45  Zerg Melee Weapons Level 1  
  162  9:48  Roach  
  162  9:49  Roach x7  
  162  9:50  Roach x3  
  172  9:53  Drone  
  173  10:02  Drone x2  
  173  10:04  Drone x3  
  173  10:06  Extractor x2  
  173  10:07  Spore Crawler, Drone, Spine Crawler  
  173  10:11  Roach x2  
  165  10:16  Queen  
  155  10:23  Roach x2  
  155  10:25  Roach  
  155  10:26  Roach x7  
  155  10:27  Roach  
  164  10:31  Roach  
  146  10:43  Zergling x4, Ultralisk  
  146  10:44  Zergling x2  
  146  10:45  Zergling x4  
  157  10:50  Ultralisk  
  157  10:56  Roach  
  157  10:57  Roach x2  
  143  10:58  Zergling x6, Roach  
  143  11:03  Roach x3  
  141  11:11  Zergling x4  
  141  11:12  Zergling x4  
  141  11:17  Roach  
  141  11:18  Zergling x2  
  135  11:20  Roach x2  
  135  11:21  Roach  
Show
View Real Time Build Order
Export as new Build Order

Miszu Terran - Winner!

Build Orders: Liberator Opening, Reaper Expand, Bio Tank 

Get SALT Encoding   

  12  0:01  SCV  
  13  0:13  SCV  
  14  0:18  Supply Depot  
  14  0:25  SCV  
  15  0:39  SCV  
  15  0:41  Barracks  
  16  0:44  Refinery  
  16  0:51  SCV  
  17  1:04  SCV  
  18  1:16  SCV  
  19  1:28  Orbital Command  
  19  1:30  Reaper  
  20  1:43  Command Center  
  20  1:53  SCV  
  21  1:55  Supply Depot  
  21  2:05  Barracks Reactor, SCV  
  22  2:12  Refinery  
  22  2:17  SCV  
  22  2:22  Factory  
  23  2:29  SCV  
  24  2:42  SCV  
  24  2:44  Marine x2  
  27  2:54  SCV  
  28  2:58  Orbital Command  
  28  3:00  Bunker  
  28  3:03  Marine x2  
  30  3:06  SCV  
  30  3:07  Starport  
  30  3:12  Factory Tech Lab  
  31  3:18  SCV  
  32  3:21  Marine x2  
  32  3:24  SCV  
  32  3:25  Supply Depot  
  35  3:27  Liberator  
  35  3:30  SCV  
  36  3:36  SCV  
  36  3:37  Siege Tank  
  40  3:42  SCV  
  43  3:48  SCV  
  43  3:49  Supply Depot  
  43  3:52  Marine  
  43  3:54  SCV  
  46  3:57  Supply Depot  
  46  4:00  Marine, SCV  
  48  4:06  SCV  
  52  4:10  Siege Tank  
  52  4:13  SCV  
  53  4:18  SCV  
  53  4:21  Marine x2  
  56  4:25  SCV  
  56  4:27  Medivac  
  56  4:30  SCV  
  60  4:36  Command Center  
  60  4:37  SCV  
  61  4:47  Barracks x2  
  61  4:49  SCV  
  61  4:50  SCV  
  63  4:57  Refinery  
  63  5:00  Refinery  
  63  5:01  Marine x2, SCV  
  63  5:03  Starport Reactor  
  66  5:09  Supply Depot  
  66  5:12  SCV  
  67  5:17  SCV  
  68  5:26  Barracks  
  68  5:27  Marine x2  
  68  5:28  Barracks  
  70  5:33  SCV x2  
  72  5:42  Barracks Tech Lab x2  
  72  5:48  Siege Tank  
  72  5:49  Orbital Command  
  75  5:50  Marine  
  75  5:51  Marine  
  75  5:54  Engineering Bay, SCV x2  
  75  5:56  Engineering Bay  
  79  6:02  Marine  
  80  6:04  Medivac  
  80  6:06  Stimpack, Combat Shields, SCV  
  80  6:07  SCV  
  83  6:11  Orbital Command  
  83  6:12  Marine  
  83  6:16  Marine  
  83  6:17  Barracks Reactor  
  83  6:18  Barracks Reactor, Marine, SCV  
  85  6:20  Marine  
  86  6:26  Terran Infantry Weapons Level 1, Terran Infantry Armor Level 1  
  86  6:30  Marine  
  87  6:34  Marine, SCV x2  
  87  6:37  SCV  
  91  6:41  Marine x2  
  93  6:52  Supply Depot  
  93  6:53  Supply Depot  
  93  6:54  Supply Depot  
  93  6:57  Supply Depot  
  93  6:58  Supply Depot  
  93  7:01  Supply Depot  
  93  7:14  Marine x5, Medivac x2, Marauder, SCV x3  
  107  7:16  Siege Tank  
  107  7:18  Marine x2, Armory  
  107  7:19  Refinery  
  112  7:26  SCV x3  
  115  7:31  Marine x3  
  115  7:33  Marine x2  
  120  7:38  Marine, SCV x3  
  120  7:40  Marine  
  120  7:41  Marine  
  126  7:46  Supply Depot  
  126  7:47  Supply Depot  
  126  7:48  Siege Tank  
  126  7:49  Marine x3  
  126  7:51  Marine x2  
  133  7:52  Refinery  
  133  7:55  Medivac x2  
  133  7:56  Supply Depot x2, Marine  
  133  7:58  Marine  
  139  7:59  Marine  
  141  8:09  Marine x3  
  141  8:10  Marine x2  
  145  8:14  Marine  
  145  8:16  Marine x2  
  148  8:20  Siege Tank  
  148  8:22  Terran Infantry Armor Level 2  
  148  8:23  Terran Infantry Weapons Level 2  
  151  8:27  Marine  
  152  8:34  Marine, Marauder  
  152  8:35  Marauder  
  152  8:36  Marine x4  
  152  8:37  Command Center  
  152  8:39  Terran Vehicle Weapons Level 1  
  161  8:45  Marine  
  162  8:52  Marine  
  162  8:53  Marine  
  162  8:54  Marine, Barracks  
  162  8:55  Barracks  
  165  8:57  Barracks  
  167  9:03  Marauder  
  167  9:14  Marine, Marauder  
  169  9:19  Marine  
  169  9:21  Marine  
  165  9:24  Marine, Marauder  
  165  9:25  Marine x2  
  165  9:26  Siege Tank  
  161  9:31  Marine  
  161  9:35  Marauder  
  161  9:37  Marine  
  165  9:39  Marine  
  165  9:42  Marine  
  165  9:43  Marine x2  
  165  9:45  Marine  
  165  9:46  Marine x2  
  165  9:47  Medivac x2  
  165  9:49  Marine  
  170  9:55  Marine  
  170  9:57  Marine, Marauder  
  170  9:58  Siege Tank  
  177  10:00  Marine  
  177  10:01  Marine x2  
  177  10:03  Marauder  
  177  10:04  Marine x2  
  181  10:07  Marine  
  181  10:13  Marine  
  182  10:15  Reaper  
  182  10:17  Medivac  
  182  10:18  Marine x3, Marauder  
  189  10:21  Marine  
  189  10:22  Marine  
  189  10:25  Marine, Marauder  
  171  10:29  Widow Mine  
  171  10:30  Marine  
  173  10:36  Marine x3, Medivac  
  173  10:39  Marine  
  173  10:40  Marine, Marauder  
  176  10:43  Marine  
  176  10:46  Marauder  
  176  10:47  Marine, Medivac  
  176  10:48  Marine  
  183  10:54  Marine x3  
  181  10:57  Marine x2  
  181  10:59  Hellion  
  181  11:01  Marine, Marauder  
  187  11:05  Marine  
  187  11:06  Marine  
  187  11:07  Marauder  
  187  11:08  Medivac  
  185  11:12  Marine  
  185  11:13  Marine x2  
  185  11:15  Marine x2  
  185  11:18  Marine  
Tags
 
Add a new tag
Caveats
  • Supply blocks, unpowered buildings, or Contaminate may cause inaccurate times.
  • Supply counts are checked every 10 seconds.